 Dungeon Crawl Stone Soup version 0.19.1 (webtiles) character file.

548 empire the Covert (level 7, 0/34 HPs)
             Began as a Vine Stalker Assassin on Dec 12, 2016.
             Slain by a hell rat (13 damage)
             ... on level 5 of the Dungeon.
             The game lasted 00:09:49 (3361 turns).

empire the Covert (Vine Stalker Assassin)           Turns: 3361, Time: 00:09:50

Health: 0/34       AC:  7    Str: 14    XL:     7   Next: 28%
Magic:  0/8        EV: 11    Int: 12    God:
Gold:   197        SH:  0    Dex: 16    Spells: 0 memorised, 6 levels left

rFire  . . .     SeeInvis .     a - +3 dagger
rCold  . . .     Gourm    .     c - +0 robe
rNeg   . . .     Faith    .     (no shield)
rPois  .         Spirit   +     x - +1 helmet
rElec  .         Reflect  .     d - +0 cloak
rCorr  .         Harm     .     l - +0 pair of gloves
MR     .....                    h - +0 pair of boots
Stlth  ++++......               (no amulet)
                                (no ring)
                                (no ring)

@: drained
A: fangs 2, regeneration 1, magic shield, antimagic bite, no device heal 3, rot
immunity
a: no special abilities


You were on level 5 of the Dungeon.
You were not hungry.

You visited 1 branch of the dungeon, and saw 5 of its levels.

You collected 197 gold pieces.

Inventory:

Hand Weapons
 a - a +3 dagger (weapon)
 b - a +0 blowgun
 m - a cursed -1 short sword
 n - a +3 dagger
 u - a +0 spear of venom
 z - a +0 rapier
 B - a +1 dagger of chaos
 C - a +0 long sword
 H - a +0 shortbow of flaming
Missiles
 e - 20 poisoned needles
 f - 6 curare-tipped needles
 i - 27 bolts
 r - 58 arrows
Armour
 c - a +0 robe (worn)
 d - a +0 cloak (worn)
 h - a +0 pair of boots (worn)
 l - a +0 pair of gloves (worn)
 x - a +1 helmet (worn)
 E - a +0 hat
Jewellery
 k - an uncursed ring of flight {unknown}
Scrolls
 t - a scroll of teleportation
 v - 2 scrolls of enchant weapon
 y - a scroll of recharging
 F - a scroll of remove curse
Potions
 o - 2 potions of ambrosia {unknown}
 p - 6 potions of lignification {unknown}
 q - a potion of curing {unknown}
 w - a potion of mutation {unknown}
 A - a potion of invisibility {unknown}
 D - a potion of flight {unknown}
 I - a potion of agility {unknown}
Comestibles
 g - 8 bread rations
 j - a meat ration
 s - 2 beef jerkies
 G - 7 chunks of flesh


   Skills:
 - Level 1.7(1.4) Fighting
 + Level 5.0(4.6) Short Blades
 - Level 1.7(1.4) Throwing
 - Level 0.7(0.3) Dodging
 + Level 8.6(8.1) Stealth


You had 6 spell levels left.
You didn't know any spells.

Dungeon Overview and Level Annotations

Branches:
Dungeon (5/15)
 Temple: D:4-7

Altars:
Xom

Annotations:
D:4 Sigmund


Innate Abilities, Weirdness & Mutations

You have extremely sharp teeth.
Your natural rate of healing is unusually fast.
When hurt, damage is shared between your health and your magic reserves.
Your bite disrupts and absorbs the magic of your enemies.
Potions and wands cannot restore your health.
You are immune to rotting.


Message History

You barely miss the hell rat. Your bite misses the hell rat.
The hell rat is lightly wounded.
The hell rat closely misses you.
You hit the hell rat but do no damage.
You bite the hell rat, but do no damage.
The hell rat is lightly wounded.
The hell rat closely misses you.
You hit the hell rat but do no damage. Your bite misses the hell rat.
The hell rat is lightly wounded.
The hell rat bites you.
You hit the hell rat but do no damage.
The hell rat is lightly wounded.
The hell rat bites you!
You feel drained.
You hit the hell rat but do no damage.
The hell rat is lightly wounded.
The hell rat closely misses you.
You hit the hell rat but do no damage. Your bite misses the hell rat.
The hell rat is lightly wounded.
The hell rat bites you!
You die...

####.####.##
#..##.##.#.#
#.##.#.##.## #
#.#%#.###.# .##
#....## #.## #.#
##...#.###...
#.###.#..##.####.
##.#..#.##.#.##...
#@#.######.##.....
#....rr####
##%...... .....rr
#.......[ #$....r
#........ ##...$#
##....... #####
########


You could see a hell rat, 2 river rats and 2 rats.

Vanquished Creatures
  A centaur (D:5)
  4 crimson imps (D:3)
  A centaur skeleton (D:4)
  3 worker ants (D:5)
  A hound zombie (D:4)
  9 river rats (D:5)
  3 adders
  2 oozes (D:3)
  6 dart slugs
  7 leopard geckos
  An orc (D:4)
  3 giant cockroaches
  9 hobgoblins
  4 jackals
  9 kobolds
  A quokka (D:5)
  3 bats (D:1)
  9 frilled lizards
  3 goblins
  22 rats
101 creatures vanquished.

Notes
Turn   | Place    | Note
-------+----------+-------------------------------------------
     0 | D:1      | empire the Vine Stalker Assassin began the quest for the Orb.
     0 | D:1      | Reached XP level 1. HP: 11/11 MP: 2/2
    43 | D:1      | Reached skill level 5 in Stealth
    61 | D:1      | Reached XP level 2. HP: 14/15 MP: 3/3
   306 | D:1      | Reached XP level 3. HP: 18/18 MP: 4/4
   898 | D:2      | Found a faded altar of an unknown god.
   913 | D:2      | Reached skill level 6 in Stealth
  1263 | D:2      | Gained mutation: Your natural rate of healing is unusually fast. [Vine Stalker growth]
  1263 | D:2      | Reached XP level 4. HP: 17/23 MP: 5/5
  1829 | D:3      | Found a shimmering altar of Xom.
  1896 | D:3      | Reached XP level 5. HP: 25/26 MP: 6/6
  2008 | D:3      | Reached skill level 7 in Stealth
  2134 | D:3      | Reached XP level 6. HP: 28/30 MP: 7/7
  2547 | D:4      | Noticed Sigmund
  2864 | D:5      | Entered Level 5 of the Dungeon
  3045 | D:5      | Reached skill level 8 in Stealth
  3098 | D:5      | Reached XP level 7. HP: 34/34 MP: 8/8
  3225 | D:5      | Reached skill level 5 in Short Blades
  3361 | D:5      | Slain by a hell rat

Skill      XL: |  1  2  3  4  5  6  7 |
---------------+----------------------+-----
Short Blades   | 2 3 4 5 |  5.0
Stealth        | 5 6 7 8 |  8.6
Fighting       | |  1.7
Throwing       | |  1.7
Dodging        | |  0.7

Action                   |  1- 3 |  4- 6 |  7- 9 || total
-------------------------+-------+-------+-------++-------
Melee: Dagger            |    91 |   167 |   109 ||   367
       Bite              |    19 |    41 |    26 ||    86
  Use: Scroll            |     6 |     4 |       ||    10
 Stab: Sleeping          |    10 |     7 |     1 ||    18
       Distracted        |       |     1 |       ||     1
       Invisible         |       |     1 |       ||     1
  Eat: Chunk             |       |     7 |     1 ||     8
Armor: Robe              |    36 |    53 |    14 ||   103
Dodge: Dodged            |    52 |    58 |    48 ||   158
